 Dungeon Crawl Stone Soup version 0.19.0-9-gfd783f2 (webtiles) character file.

2991 Chiseanne the Nimble (level 9, 0/65 HPs)
             Began as a High Elf Artificer on Nov 7, 2016.
             Was a Follower of Vehumet.
             Slain by a wolf (3 damage)
             ... led by Grum
             ... on level 8 of the Dungeon.
             The game lasted 00:23:10 (9613 turns).

Chiseanne the Nimble (High Elf Artificer)           Turns: 9613, Time: 00:23:11

Health: 0/65       AC:  8    Str: 11    XL:     9   Next: 54%
Magic:  18/19      EV: 17    Int: 18    God:    Vehumet [*.....]
Gold:   448        SH:  0    Dex: 17    Spells: 0 memorised, 20 levels left

rFire  + . .     SeeInvis .     a - +2 short sword (speed)
rCold  + . .     Gourm    .     D - +1 leather armour {rC+}
rNeg   . . .     Faith    .     (no shield)
rPois  .         Spirit   .     (no helmet)
rElec  .         Reflect  .     n - +1 cloak
rCorr  .         Harm     .     (no gloves)
MR     .....                    r - +0 pair of boots
Stlth  ++........               (no amulet)
                                (no ring)
                                (no ring)

@: no status effects
A: fire resistance 1
a: Renounce Religion


You were on level 8 of the Dungeon.
You worshipped Vehumet.
Vehumet was aware of your devotion.
You were hungry.

You visited 2 branches of the dungeon, and saw 9 of its levels.

You collected 448 gold pieces.

Inventory:

Hand Weapons
 a - a +2 short sword of speed (weapon)
 d - a +1 mace of holy wrath
 s - a +3 hand axe of freezing
Missiles
 g - 171 arrows
 j - 18 poisoned needles
 k - 140 stones (quivered)
 l - 6 curare-tipped needles
 m - 5 javelins of returning
 z - 18 bolts
 C - 3 tomahawks
 F - 35 sling bullets
Armour
 n - a +1 cloak (worn)
 r - a +0 pair of boots (worn)
 D - a +1 leather armour of cold resistance (worn)
Jewellery
 o - an uncursed ring of ice
Wands
 e - a wand of disintegration (0/24)
Potions
 b - a potion of flight
Comestibles
 c - 3 fruits
 f - 6 bread rations
 h - 3 chunks of flesh
 v - 4 meat rations


   Skills:
 * Level 7.7 Fighting
 - Level 1.2 Short Blades
 - Level 4.5 Armour
 * Level 8.7 Dodging
 - Level 1.1 Stealth
 * Level 6.0 Spellcasting
 - Level 3.0 Evocations


You had 20 spell levels left.
You didn't know any spells.

Dungeon Overview and Level Annotations

Branches:
Dungeon (8/15)             Temple (1/1) D:6
   Lair: D:8-11

Altars:
Ashenzari
Elyvilon
Fedhas
Gozag
Hepliaklqana
Kikubaaqudgha
Makhleb
Nemelex Xobeh
Okawaru
Ru
Sif Muna
Trog
Uskayaw
Vehumet
Xom
Yredelemnul
Zin
The Shining One

Annotations:
D:8 exclusion: hippogriff, Erica, Gastronok


Innate Abilities, Weirdness & Mutations

Your flesh is heat resistant. (rF+)


Message History

The wolf is almost dead.
The wolf closely misses you.
You barely miss the wolf.
The wolf is almost dead.
The wolf misses you. The wolf closely misses you.
You hit the wolf.
The wolf is almost dead.
The wolf bites you.
* * * LOW HITPOINT WARNING * * *
You hit the wolf.
You kill the wolf!
Vehumet accepts your kill.
Your Spellcasting skill increases to level 6!
Okay, then.
You aren't carrying any spellbooks or scrolls.
Unknown command.
Evoke which item? (* to show all) (? for menu, Esc to quit)
Okay, then.
You barely miss the wolf. The wolf bites you.
You die...

############
##.......)).##
##.....#####..#
#..###.# ##.#
####.## #.# #.#
...#.# ... #.#
.....# ..## #.#
##......### #.#
####..### #@#
..##### #h# ..#
..# ### .... #
. ...#. ....
##.. .# ....
..# .# ##.. ###
.# ...


You could see a wolf.

Vanquished Creatures
  Grum (D:8)
  2 hungry ghosts (D:7)
  A black bear (D:7)
  An ice beast (D:5)
  6 ogres
  2 centaurs (D:6)
  2 wolves (D:8)
  A bullfrog (D:7)
  A scorpion (D:4)
  5 wights
  3 vampire bats (D:6)
  3 crimson imps
  A gnoll shaman (D:7)
  3 centaur skeletons
  6 orc priests
  2 hounds (D:6)
  7 orc wizards
  2 iguanas
  6 worker ants
  10 gnolls
  11 adders
  A shadow imp (D:6)
  3 worms
  2 dart slugs (D:1)
  4 leopard geckos
  17 orcs
  12 giant cockroaches
  13 hobgoblins
  2 jackals (D:6)
  12 kobolds
  2 quokkas
  13 bats
  7 frilled lizards
  A giant cockroach zombie (D:6)
  8 goblins
  A leopard gecko skeleton (D:4)
  A quokka skeleton (D:4)
  2 quokka zombies (D:5)
  7 rats
184 creatures vanquished.

Vanquished Creatures (collateral kills)
  4 gnolls
  5 orcs
  A giant cockroach (D:6)
10 creatures vanquished.

Vanquished Creatures (others)
  A scorpion (D:6)
  A wight (D:6)
  2 gnolls
  An adder (D:6)
5 creatures vanquished.

Grand Total: 199 creatures vanquished

Notes
Turn   | Place    | Note
-------+----------+-------------------------------------------
     0 | D:1      | Chiseanne the High Elf Artificer began the quest for the Orb.
     0 | D:1      | Reached XP level 1. HP: 13/13 MP: 4/4
   312 | D:1      | Reached XP level 2. HP: 9/18 MP: 5/5
  1109 | D:1      | Reached skill level 3 in Dodging
  1473 | D:1      | Reached XP level 3. HP: 24/24 MP: 6/6
  1557 | D:2      | Reached skill level 1 in Armour
  1636 | D:2      | Found a blossoming altar of Fedhas.
  1749 | D:2      | Reached XP level 4. HP: 28/30 MP: 7/7
  2582 | D:3      | Found a glowing golden altar of the Shining One.
  2963 | D:3      | Found a burning altar of Makhleb.
  2963 | D:3      | Noticed a balrug
  3207 | D:3      | Noticed a neqoxec
  3207 | D:3      | Noticed a hellwing
  3268 | D:4      | Reached XP level 5. HP: 31/36 MP: 8/8
  3287 | D:3      | Reached skill level 4 in Dodging
  3885 | D:4      | Noticed an ogre
  3888 | D:4      | Killed an ogre
  3888 | D:4      | Reached XP level 6. HP: 28/43 MP: 9/9
  4605 | D:4      | Reached skill level 5 in Dodging
  4969 | D:5      | Entered Level 5 of the Dungeon
  4980 | D:5      | Found a deep blue altar of Sif Muna.
  4998 | D:5      | Reached XP level 7. HP: 43/49 MP: 10/10
  5229 | D:5      | Found a shimmering altar of Xom.
  5243 | D:5      | Found a shimmering altar of Xom.
  5245 | D:5      | Found a shimmering altar of Xom.
  5279 | D:5      | Found a shattered altar of Ashenzari.
  5281 | D:5      | Found a deep blue altar of Sif Muna.
  5291 | D:5      | Found an ancient bone altar of Kikubaaqudgha.
  5386 | D:5      | Reached skill level 5 in Fighting
  5538 | D:5      | Reached skill level 6 in Dodging
  5789 | D:5      | Found a glowing silver altar of Zin.
  5998 | D:6      | Reached XP level 8. HP: 56/56 MP: 11/11
  6066 | D:6      | Reached skill level 1 in Spellcasting
  6980 | D:6      | Reached skill level 7 in Dodging
  7009 | D:6      | You fall through a shaft!
  7210 | D:6      | Found an opulent altar of Gozag.
  7224 | D:6      | Found a staircase to the Ecumenical Temple.
  7305 | Temple   | Entered the Ecumenical Temple
  7312 | Temple   | Became a worshipper of Vehumet
  7747 | D:7      | Reached XP level 9. HP: 19/63 MP: 16/16
  8249 | D:7      | Reached skill level 8 in Dodging
  8253 | D:7      | HP: 3/64 [orc/hand axe (1)]
  8262 | D:7      | Reached * piety under Vehumet
  8262 | D:7      | Offered knowledge of Freeze by Vehumet.
  8262 | D:7      | Reached skill level 5 in Spellcasting
  9067 | D:8      | Noticed Erica
  9119 | D:8      | Noticed Gastronok
  9532 | D:8      | Noticed Grum
  9582 | D:8      | Killed Grum
  9584 | D:8      | HP: 3/97 [wolf[Grum] (4)]
  9589 | D:8      | HP: 4/97 [wolf[Grum] (4)]
  9599 | D:8      | Gained mutation: Your flesh is heat resistant. (rF+) [potion of beneficial mutation]
  9611 | D:8      | HP: 3/65 [wolf[Grum] (4)]
  9613 | D:8      | Slain by a wolf

Skill      XL: |  1  2  3  4  5  6  7  8  9 |
---------------+----------------------------+-----
Dodging        | 3 4 5 6 7 8 |  8.7
Fighting       | 2 3 4 5 6 7 |  7.7
Armour         | 1 2 3 4 |  4.5
Spellcasting   | 4 6 |  6.0
Short Blades   | |  1.2
Stealth        | |  1.1
Evocations     | |  3.0

Action                   |  1- 3 |  4- 6 |  7- 9 || total
-------------------------+-------+-------+-------++-------
Melee: Short sword       |   159 |   260 |   512 ||   931
       Hand axe          |       |       |    61 ||    61
       Mace              |       |       |    41 ||    41
Throw: Stone             |       |       |     1 ||     1
       Throwing net      |       |       |     3 ||     3
Evoke: Wand              |       |    17 |    33 ||    50
  Use: Scroll            |     5 |     6 |     6 ||    17
       Potion            |       |       |    15 ||    15
 Stab: Sleeping          |     1 |       |     1 ||     2
       Paralysed         |       |       |    13 ||    13
       Held in net/web   |       |       |     1 ||     1
  Eat: Chunk             |     3 |    10 |    13 ||    26
       Beef jerky        |       |       |     2 ||     2
       Bread ration      |       |       |     1 ||     1
Armor: Leather armour    |    19 |       |   139 ||   158
       Ring mail         |    35 |    79 |    26 ||   140
       Skin              |       |       |    14 ||    14
Dodge: Dodged            |   113 |   152 |   429 ||   694
